 Dungeon Crawl Stone Soup version 0.30-a0-360-g447f08457e (webtiles) character file.

Game seed: 15481107663880472623

17751 Kabadvaildir the Blocker (level 12, -9/110 HPs)
             Began as a Minotaur Fighter on Nov 13, 2022.
             Was a High Priest of Okawaru.
             Killed from afar by a wretched star (21 damage)
             ... with a lance of force
             ... on level 1 of the Abyss.
             The game lasted 00:18:36 (9942 turns).

Kabadvaildir the Blocker (Minotaur Fighter)         Turns: 9942, Time: 00:18:36

Health: -9/110     AC: 19    Str: 25      XL:     12   Next: 21%
Magic:  0/20       EV: 13    Int:  5      God:    Okawaru [*****.]
Gold:   1785       SH:  6    Dex: 10 (11) Spells: 11/11 levels left

rFire   + . .      SeeInvis .    a - +2 war axe (vorpal)
rCold   . . .      Faith    .    c - +0 buckler
rNeg    + . .      Spirit   .    g - +6 scale mail {rN+}
rPois   +          Reflect  .    f - +0 hat
rElec   .          Harm     .    z - +1 cloak {Will+}
rCorr   +          Rampage  .    w - +0 pair of gloves
Will    +....      Clarity  +    (no boots)
Stlth   ..........               l - amulet of regeneration
HPRegen 0.00/turn                v - ring of protection from fire
MPRegen 0.17/turn                r - ring of Agighiel {rPois rCorr MP+9}

@: about to teleport, inhibited regen
A: horns 2, retaliatory headbutt, clarity, inhibited regeneration, wild magic 1,
deterioration 1[+1]
a: Renounce Religion, Heroism, Finesse, Duel


You were on level 1 of the Abyss.
You worshipped Okawaru.
Okawaru was extremely pleased with you.
You visited 2 branches of the dungeon, and saw 12 of its levels.
You visited the Abyss 1 time.
You also visited: Bailey.

You collected 1917 gold pieces.
You spent 132 gold pieces at shops.

Inventory:

Hand Weapons
 a - a +2 vorpal war axe (weapon)
 j - a +0 war axe of draining
Missiles
 d - 3 throwing nets (quivered)
Armour
 c - a +0 buckler (worn)
 f - a +0 hat (worn)
 g - a +6 scale mail of positive energy (worn)
 w - a +0 pair of gloves (worn)
 z - a +1 cloak of willpower (worn)
Jewellery
 l - an amulet of regeneration (around neck)
 q - a ring of flight
 r - the ring of Agighiel (right hand) {rPois rCorr MP+9}
   (You found it on level 4 of the Dungeon)

   [ring of poison resistance]

   rPois:     It protects you from poison.
   MP:        It affects your magic capacity (+9).
   rCorr:     It protects you from acid and corrosion.
 v - a ring of protection from fire (left hand)
Wands
 b - a wand of flame (57)
 u - a wand of iceblast (6)
 y - a wand of polymorph (3)
 E - a wand of digging (4)
Scrolls
 e - 2 scrolls of fog
 n - 2 scrolls of teleportation
 p - 4 scrolls of fear
 A - 3 scrolls of amnesia
 B - a scroll of identify
Potions
 h - a potion of lignification
 i - 4 potions of brilliance
 k - 4 potions of attraction
 m - a potion of flight
 o - 9 potions of curing
 s - 2 potions of ambrosia
 t - 2 potions of haste
 x - a potion of resistance
 C - a potion of invisibility


   Skills:
 + Level 11.5 Fighting
 + Level 11.2 Axes
 + Level 11.4 Armour
 + Level 9.9 Dodging
 + Level 11.5 Shields


You had 11 spell levels left.
You didn't know any spells.
Your spell library contained the following spells:

 Spells                   Type           Power      Damage    Failure   Level
 Beastly Appendage        Tmut           0%         N/A       83%         1
 Magic Dart               Conj           0%         1d3       83%         1
 Shock                    Conj/Air       0%         1d3       83%         1
 Ensorcelled Hibernation  Hex/Ice        0%         N/A       92%         2
 Sublimation of Blood     Necr           0%         N/A       92%         2
 Wereblood                Tmut           0%         N/A       92%         2
 Gell's Gravitas          Tloc           0%         N/A       99%         3
 Mephitic Cloud           Conj/Pois/Air  0%         N/A       99%         3
 Spider Form              Tmut/Pois      0%         N/A       99%         3
 Anguish                  Hex/Necr       0%         N/A       100%        4
 Cause Fear               Hex            0%         N/A       100%        4
 Leda's Liquefaction      Hex/Erth       0%         N/A       100%        4
 Lee's Rapid Deconstruct  Erth           0%         3d4*      100%        5
 Statue Form              Tmut/Erth      0%         N/A       100%        6
 Dragon Form              Tmut           0%         N/A       100%        7
 Call Imp                 Summ           Unusable   N/A       N/A         2
 Summon Hydra             Summ           Unusable   N/A       N/A         7
 Dragon's Call            Summ           Unusable   N/A       N/A         9

Dungeon Overview and Level Annotations

Branches:
Dungeon (11/15)            Temple (1/1) D:6            Lair (0/5) D:11
    Orc (0/2) D:9          Bailey (visited)

Altars:
Ashenzari
Cheibriados
Dithmenos
Elyvilon
Fedhas
Gozag
Hepliaklqana
Kikubaaqudgha
Makhleb
Nemelex Xobeh
Okawaru
Qazlal
Ru
Sif Muna
Trog
Uskayaw
Vehumet
Wu Jian
Xom
Yredelemnul
Zin
The Shining One

Shops:
D:3 =   D:9 !

Annotations:
D:9 1 runed translucent door
D:11 Sonja


Innate Abilities, Weirdness & Mutations

You have a pair of horns on your head.
You reflexively headbutt those who attack you in melee.
You possess an exceptional clarity of mind.
You do not regenerate when monsters are visible.
Your spells are a little harder to cast, but a little more powerful.
[Your body often deteriorates upon taking damage.]


Message History

Something hits you!!
Your body deteriorates!
You feel clumsy.
You feel your power leaking away.
You are too injured to fight recklessly!
You are too injured to fight recklessly!
Unknown command.
Unknown command.
Unknown command.
Unknown command.
You are too injured to fight recklessly!
Unknown command.
You are too injured to fight recklessly!
Unknown command.
Unknown command.
You are too injured to fight recklessly!
Unknown command.
You are too injured to fight recklessly!
Unknown command.
You are too injured to fight recklessly!
Unknown command.
You are too injured to fight recklessly!
Unknown command.
Unknown command.
As you read the scroll of teleportation, it crumbles to dust.
You feel strangely unstable.
You feel the power of the Abyss delaying your translocation!
A chorus of shrieks assaults your mind. Something hits you!
Unknown command.
Unknown command.
A starcursed mass splits.
A chorus of shrieks assaults your mind.
* * * LOW HITPOINT WARNING * * *
Unknown command.
Unknown command.
You feel much better. Something hits you!!
* * * LOW HITPOINT WARNING * * *
You feel your power leaking away.
The wretched star glows turbulently.
The lance of force hits you!!
You die...

#.. #.X # ...
####X. #.
..##.#.X#
.#.##......
##.##....###
#..#...#...##
#.#....>..#.# ..
##.###...*..## .
#.#..†@....## ..
#..###.#...... .
..#.#.#..#..#.#.
#..
###......#.#. #.
# .###.#.#.#.##
. #..# #.....#
... . .##.
...##..# . .## .
#. # § . #. §#


You could see 2 starcursed masses and a wretched star.

Vanquished Creatures
  Gastronok (D:11)
  Harold (D:11)
  A spriggan skeleton (Abyss:1)
  A boulder beetle (D:11)
  3 two-headed ogres
  Pikel (D:4)
  An ugly thing (D:11)
  A deep elf pyromancer (D:11)
  Joseph (D:8)
  A rime drake (D:11)
  Maggie (D:8)
  A polar bear (D:11)
  3 trolls
  4 raiju (Abyss:1)
  A hornet (D:8)
  Grinder (D:4)
  A large abomination (Abyss:1)
  A shadow (D:11)
  Eustachio (D:5)
  A wraith (D:11)
  A ynoxinul (D:8)
  9 yaks
  2 steam dragons
  Menkaure (D:6)
  Edmund (D:6)
  An acid dragon (D:11)
  Duvessa (D:6)
  2 water moccasins
  2 ice beasts (D:8)
  12 orc warriors
  An ogre (D:5)
  2 wolves (D:11)
  11 centaurs
  A lemure (D:3)
  A kobold brigand (D:8)
  5 bullfrogs
  A phantom (D:4)
  3 necrophages
  2 gnoll sergeants
  11 scorpions
  11 wights
  Dowan (D:6)
  6 killer bees
  5 howler monkeys
  A hound (D:5)
  A jelly (D:3)
  8 orc priests
  A gnoll bouda (D:7)
  5 iguanas
  8 orc wizards
  11 adders
  20 gnolls
  A white imp (D:7)
  2 ufetubi
  An adder zombie (D:4)
  2 worms
  60 orcs
  6 endoplasms
  8 giant cockroaches
  6 goblins
  6 hobgoblins
  13 jackals
  6 kobolds
  A quokka (D:1)
  7 ball pythons
  6 bats
  2 frilled lizards
  4 rats
  A butterfly (D:9)
307 creatures vanquished.

Vanquished Creatures (collateral kills)
  3 wights (D:6)
3 creatures vanquished.

Vanquished Creatures (others)
  A centaur (Bailey)
  3 plants (D:3)
  A withered plant (D:4)
5 creatures vanquished.

Grand Total: 315 creatures vanquished

Notes
Turn   | Place    | Note
-------+----------+-------------------------------------------
     0 | D:1      | Kabadvaildir the Minotaur Fighter began the quest for the
                  | Orb.
     0 | D:1      | Reached XP level 1. HP: 19/19 MP: 0/0
    83 | D:1      | Reached XP level 2. HP: 26/27 MP: 1/1
   386 | D:1      | Reached skill level 1 in Dodging
   424 | D:1      | Reached XP level 3. HP: 33/33 MP: 2/2
   845 | D:2      | Reached XP level 4. HP: 34/40 MP: 3/3
  1036 | D:2      | Found a white marble altar of Elyvilon.
  1481 | D:3      | Found Soaluga's Jewellery Emporium.
  1508 | D:3      | Noticed a bullfrog
  1509 | D:3      | Found a shadowy altar of Dithmenos.
  1514 | D:3      | Killed a bullfrog
  1515 | D:3      | Reached XP level 5. HP: 43/47 MP: 4/4
  1993 | D:4      | Noticed Pikel
  1993 | D:4      | Noticed a lemure
  1993 | D:4      | Noticed a lemure
  1993 | D:4      | Noticed a lemure
  1999 | D:3      | Killed a lemure
  2081 | D:4      | Noticed a water moccasin
  2088 | D:4      | Killed a water moccasin
  2089 | D:4      | Reached skill level 5 in Fighting
  2089 | D:4      | Reached skill level 5 in Armour
  2089 | D:4      | Reached skill level 5 in Shields
  2089 | D:4      | Reached XP level 6. HP: 16/56 MP: 5/5
  2467 | D:4      | Gained mutation: You have hidden genetic defects. [potion
                  | of mutation]
  2467 | D:4      | Gained mutation: You passively map a small area around you.
                  | [potion of mutation]
  2467 | D:4      | Gained mutation: You are covered in fur. (AC +1) [potion of
                  | mutation]
  2467 | D:4      | Gained mutation: You are covered in thick fur. (AC +2)
                  | [potion of mutation]
  2468 | D:4      | Lost mutation: You have hidden genetic defects. [potion of
                  | mutation]
  2468 | D:4      | Lost mutation: You are covered in thick fur. (AC +2)
                  | [potion of mutation]
  2468 | D:4      | Lost mutation: You passively map a small area around you.
                  | [potion of mutation]
  2468 | D:4      | Gained mutation: You do not regenerate when monsters are
                  | visible. [potion of mutation]
  2468 | D:4      | Gained mutation: You possess an exceptional clarity of
                  | mind. [potion of mutation]
  2468 | D:4      | Gained mutation: Your spells are a little harder to cast,
                  | but a little more powerful. [potion of mutation]
  2468 | D:4      | Gained mutation: You expend magic power (3 MP) to
                  | strengthen your wands. [potion of mutation]
  2492 | D:4      | Noticed Grinder
  2511 | D:4      | Killed Grinder
  2512 | D:4      | Reached XP level 7. HP: 50/61 MP: 6/6
  2719 | D:4      | Killed Pikel
  2720 | D:4      | Reached skill level 5 in Axes
  2720 | D:4      | Reached XP level 8. HP: 14/70 MP: 7/7
  3069 | D:4      | Identified the ring of Agighiel {rPois rCorr MP+9}
  3236 | D:5      | Entered Level 5 of the Dungeon
  3355 | D:5      | Found a shimmering altar of Xom.
  3386 | D:5      | Found a hide-covered altar of Uskayaw.
  3605 | D:5      | Reached skill level 5 in Dodging
  3610 | D:5      | Noticed Eustachio
  3616 | D:5      | Killed Eustachio
  4194 | D:6      | Noticed Menkaure
  4196 | D:6      | Found a staircase to the Ecumenical Temple.
  4199 | D:6      | Killed Menkaure
  4200 | D:6      | Reached XP level 9. HP: 79/79 MP: 8/8
  4208 | Temple   | Entered the Ecumenical Temple
  4451 | D:6      | Noticed Edmund
  4467 | D:6      | Killed Edmund
  4535 | D:6      | Noticed Duvessa
  4537 | D:6      | Noticed Dowan
  4549 | D:6      | Killed Duvessa
  4552 | D:6      | Killed Dowan
  4788 | D:6      | Found an ornate altar of the Wu Jian Council.
  5643 | D:7      | Found an iron altar of Okawaru.
  5652 | D:7      | Became a worshipper of Warmaster Okawaru
  5683 | D:8      | Found a flagged portal.
  5722 | Bailey   | Entered a bailey
  5767 | Bailey   | Reached * piety under Okawaru
  5918 | Bailey   | Reached XP level 10. HP: 69/90 MP: 9/9
  6601 | Bailey   | Reached ** piety under Okawaru
  6750 | Bailey   | Identified the +7 arbalest of the Puffball {penet, Int+7}
  6963 | D:8      | Noticed Joseph
  6979 | D:8      | Killed Joseph
  7065 | D:8      | Found a bloodstained altar of Trog.
  7119 | D:8      | Found a shimmering blue altar of Sif Muna.
  7123 | D:8      | Got Sif Muna's Essays on Vapourous Peregrination
  7216 | D:8      | Reached *** piety under Okawaru
  7267 | D:8      | Noticed Maggie
  7280 | D:8      | Killed Maggie
  7528 | D:9      | Found a staircase to the Orcish Mines.
  7539 | D:9      | Reached XP level 11. HP: 75/99 MP: 10/10
  7546 | D:9      | Reached **** piety under Okawaru
  7553 | D:9      | Reached skill level 10 in Fighting
  7553 | D:9      | Reached skill level 10 in Shields
  7573 | D:9      | Reached skill level 10 in Armour
  7777 | D:9      | Found Sostraorr's Distillery.
  7781 | D:9      | Bought a potion of curing for 33 gold pieces
  7781 | D:9      | Bought a potion of curing for 33 gold pieces
  7781 | D:9      | Bought 2 potions of curing for 66 gold pieces
  7792 | D:9      | Found a basalt altar of Yredelemnul.
  7960 | D:9      | Lost mutation: You are covered in fur. (AC +1) [potion of
                  | mutation]
  7960 | D:9      | Lost mutation: You expend magic power (3 MP) to strengthen
                  | your wands. [potion of mutation]
  7960 | D:9      | Gained mutation: [Your body sometimes deteriorates upon
                  | taking damage.] [potion of mutation]
  8025 | D:9      | Found a runed translucent door.
  8027 | D:9      | Found a runed translucent door.
  8305 | D:10     | Entered Level 10 of the Dungeon
  8467 | D:10     | Noticed a two-headed ogre
  8468 | D:10     | Noticed a two-headed ogre
  8474 | D:10     | Killed a two-headed ogre
  8475 | D:10     | Reached skill level 10 in Axes
  8480 | D:10     | Killed a two-headed ogre
  8480 | D:10     | Reached ***** piety under Okawaru
  8559 | D:10     | Found a white marble altar of Elyvilon.
  8713 | D:10     | Identified a scroll of acquirement
  8713 | D:10     | Acquired 1098 gold pieces
  8978 | D:11     | Noticed a deep elf pyromancer
  8981 | D:11     | Killed a deep elf pyromancer
  9087 | D:11     | Noticed a two-headed ogre
  9097 | D:11     | Killed a two-headed ogre
  9188 | D:11     | Found a staircase to the Lair.
  9235 | D:11     | Noticed a boulder beetle
  9258 | D:11     | Killed a boulder beetle
  9376 | D:11     | Found an opulent altar of Gozag.
  9384 | D:11     | Noticed Gastronok
  9385 | D:11     | Noticed a green ugly thing
  9393 | D:11     | Noticed Harold
  9394 | D:11     | Killed a green ugly thing
  9403 | D:11     | Killed Harold
  9403 | D:11     | Identified the +0 cloak of the Stars {Str+7 Int-5} (Okawaru
                  | gifted it to you on level 11 of the Dungeon)
  9403 | D:11     | Received a gift from Okawaru
  9411 | D:11     | Killed Gastronok
  9412 | D:11     | Reached XP level 12. HP: 93/110 MP: 11/11
  9698 | D:11     | Noticed Sonja
  9702 | Abyss:1  | Cast into level 1 of the Abyss (Sonja)
  9937 | Abyss:1  | Noticed a starcursed mass
  9942 | Abyss:1  | Killed from afar by a wretched star

Illustrated notes

Levels and vault maps discovered:
D:1:      minmay_arrival_wavy_path, layout_basic, minivault_19
D:2:      layout_basic, basic_altar, st_stairs_14, minmay_tall_x
D:3:      cheibrodos_old_hovel, layout_basic, amcnicky_altar_gilded,
          serial_shops, shop, chequers_serial_rivers_marsh
D:4:      layout_basic, serial_undead, serial_undead_c, serial_undead_f,
          serial_undead_b, serial_undead_c, uniq_grinder, uniq_pikel
D:5:      layout_loops_corners, mainiacjoe_overflow_catwalk_spiral,
          uniq_eustachio
D:6:      layout_basic, nzn_wu_jian_council_hall,
          minmay_temple_entry_proselytizer, uniq_duvessa, uniq_menkaure,
          uniq_edmund
D:7:      nicolae_cairo_tiling, layout_gridville, lemuel_doored_altar
D:8:      layout_rooms, nzn_overflow_gifts_of_might_and_magic, enter_bailey_1,
          uniq_maggie, uniq_joseph
D:9:      lemuel_insect_pit, layout_loops_ring, kennysheep_little_box,
          david_orc_3, serial_shops, shop
D:10:     layout_roguey, nicolae_overflow_crystal_walls, serial_curves,
          eino_curves_03, eino_curves_02
D:11:     layout_long_grid, hellmonk_lair_entry_icy, minmay_misc_feat_doors,
          grunt_gozag_statues, uniq_gastronok, uniq_sonja, uniq_harold
Temple:   nicolae_temple_god_jail
Abyss:1:  base:
D:11

Skill      XL: |  1  2  3  4  5  6  7  8  9 10 11 |
---------------+----------------------------------+-----
Dodging        | 1 2 3 4 5 6 8 9 |  9.9
Fighting       | 4 5 6 7 8 9 11 | 11.5
Armour         | 4 5 6 7 8 9 11 | 11.4
Shields        | 4 5 6 7 8 9 11 | 11.5
Axes           | 3 4 5 6 8 9 11 | 11.2

Action                   |  1- 3 |  4- 6 |  7- 9 | 10-12 || total
-------------------------+-------+-------+-------+-------++-------
Melee: War axe           |    72 |    99 |   232 |   386 ||   789
       Headbutt          |     8 |    18 |    53 |    76 ||   155
Invok: Heroism           |       |       |       |     1 ||     1
Evoke: Wand              |       |       |    12 |       ||    12
  Use: Scroll            |       |     9 |     9 |     9 ||    27
       Potion            |       |     2 |     2 |    10 ||    14
 Stab: Invisible         |       |       |       |     1 ||     1
Armor: Scale mail        |    43 |    29 |   101 |   223 ||   396
Dodge: Dodged            |    47 |    48 |   168 |   282 ||   545
Block: Buckler           |    23 |    23 |    73 |   137 ||   256

Table legend: (Time is in decaauts)
 A = Elapsed time spent in this place.
 B = Non-inter-level travel time spent in this place.
 C = Inter-level travel time spent in this place.
 D = Time resting spent in this place.
 E = Time spent auto-exploring this place.
 F = Levels seen in this place.
 G = Mean time per level.
                   A        B        C        D        E       F      G
               +--------+--------+--------+--------+--------+-----+--------+
         Total |  10077 |   9821 |    256 |    303 |   7350 |  14 |  719.8 |
       Dungeon |   8630 |   8388 |    242 |    116 |   6660 |  11 |  784.5 |
        Temple |     53 |     39 |     14 |      0 |     29 |   1 |   53.0 |
         Abyss |    239 |    239 |      0 |      0 |    199 |   1 |  239.0 |
        Bailey |   1154 |   1154 |      0 |    187 |    462 |   1 | 1154.0 |
               +--------+--------+--------+--------+--------+-----+--------+

Top non-repeatable levels by time:
     D:4: 1176 daAuts
  Bailey: 1154 daAuts
     D:5: 949 daAuts
     D:6: 824 daAuts
     D:3: 785 daAuts
     D:9: 769 daAuts
     D:8: 735 daAuts
    D:11: 723 daAuts
     D:2: 676 daAuts
    D:10: 671 daAuts
     D:1: 667 daAuts
     D:7: 651 daAuts
 Abyss:1: 239 daAuts
  Temple: 53 daAuts
